Map: Winter's Gate LE

Players

Mez - Winner!

  • Race: Terran Terran
  • League: Master
  • Spawn Location: 5:00

McGregor

  • Race: Terran Terran
  • League: Master
  • Spawn Location: 11:00

VOD

Have the link to the VOD?

Description

Time

  • Played on: Aug. 21, 2019, 2:11 p.m.
  • Length: 5:17
Show
View Real Time Build Order
Export as new Build Order

Mez Terran - Winner!

Build Orders: Cyclone Opening 

Get SALT Encoding   

  12  0:00  SCV  
  13  0:13  SCV  
  14  0:17  Supply Depot  
  14  0:25  SCV  
  15  0:29  Refinery  
  15  0:38  SCV  
  16  0:44  Barracks  
  16  0:50  SCV  
  16  0:54  Refinery  
  17  1:02  SCV  
  18  1:15  SCV  
  19  1:33  Orbital Command, Reaper  
  19  1:36  Factory  
  20  1:45  Supply Depot  
  20  1:59  SCV  
  21  2:07  Reaper  
  22  2:11  SCV  
  23  2:20  Factory Tech Lab  
  23  2:23  SCV  
  24  2:30  Command Center  
  24  2:39  SCV  
  24  2:43  Barracks Reactor  
  25  2:44  Cyclone  
  28  2:52  Starport  
  28  2:56  Supply Depot  
  28  3:00  SCV  
  29  3:12  SCV  
  30  3:18  Cyclone  
  33  3:24  SCV  
  34  3:32  Starport Tech Lab  
  34  3:34  Marine x2  
  35  3:36  SCV  
  37  3:41  Orbital Command  
  37  3:43  Refinery  
  37  3:49  SCV  
  37  3:52  Raven  
  40  3:57  Marine x2  
  40  4:01  SCV  
  43  4:03  Supply Depot  
  43  4:08  SCV  
  44  4:13  SCV  
  43  4:18  Siege Tank  
  43  4:33  Marine x2  
  44  4:49  SCV x2  
  48  4:54  Marine x2  
  53  5:01  SCV x2  
  54  5:17  Command Center  
Show
View Real Time Build Order
Export as new Build Order

McGregor Terran 

Build Orders: 1/1/1, Liberator Opening 

Get SALT Encoding   

  12  0:00  SCV  
  13  0:12  SCV  
  14  0:17  Supply Depot  
  14  0:24  SCV  
  14  0:27  Refinery  
  15  0:38  SCV  
  16  0:45  Barracks  
  16  0:50  SCV  
  17  0:57  Refinery  
  17  1:03  SCV  
  18  1:15  SCV  
  19  1:33  Orbital Command  
  19  1:34  Barracks Reactor  
  19  1:39  Factory  
  19  1:50  Supply Depot  
  19  2:00  SCV  
  20  2:11  Reaper  
  20  2:12  Reaper  
  20  2:13  SCV  
  23  2:22  Hellion  
  25  2:25  SCV  
  25  2:29  Starport  
  26  2:37  SCV, Supply Depot  
  26  2:44  Reaper x2  
  29  2:50  Hellion  
  31  3:00  Liberator  
  31  3:01  Supply Depot  
  31  3:12  Hellion  
  33  3:16  Reaper x2  
  38  3:25  SCV  
  38  3:31  Supply Depot  
  38  3:34  Hellion  
  38  3:37  SCV  
  41  3:42  Liberator  
  41  3:49  SCV  
  47  4:02  Hellion  
  47  4:03  Hellion  
  44  4:28  Reaper  
  44  4:29  Hellion x2  
  47  4:51  Hellion  
Tags
 
Add a new tag
Caveats
  • Supply blocks, unpowered buildings, or Contaminate may cause inaccurate times.
  • Supply counts are checked every 10 seconds.